Unix NetHack Version 3.7.0-101 Work-in-progress - last build Apr 1 2024 13:39:02 (cf3915abb6dcc6e3362b2b16a766b7b4f6c45fc9,branch:master). Game began 2024-03-31 11:46:21, ended 2024-04-01 14:57:33. spontiff, neutral male gnomish Healer --- ---- --- ---- --.-- #####[#0##0 --..| ---- ----.---..-- ---- ------...--#-.#-.)-#####---------...-----..--- |.....|.... |..| --...............).....^....)............[....-----.........----- --..| |........-----........#---#----..-.-------...................--.--|...| --...--..............## #|.)/(--- ----..----..............||..-- -----------.....|....-#----#-#-.>...--------..-- |.............---..-- |.....|---.......<..#.....e..........----...........--|....--- --.....| --####-........*#-----.......---......(....| ---....-- ------..---.----##############c- ----..................%.-------...-- ---..|...-| |...|.#..#####*#0##@# ###.#....--.........)...[)...[.)|....| |.........| |........# ##-## ###....--..|---.............-----.|....| |.........----.---...-##-...| |f..---|-.-- |-.--.......--- |......| --.........| --- --.........# |...| |...---.----...---- ----...| |........-- --....[.#-# |-.-----[......-- ----- --..| ---.|....| |..--..| ------..| |*.........--- ---- --|...-- ---##..---.--....| |............| ---.| --..........-- ---.--.......| --- |...-------- ------.--.-- --.-- ------ --- Spontiff the Rhizotomist St:10 Dx:10 Co:18 In:7 Wi:17 Ch:16 Neutral S:528 Dlvl:10 $:0 HP:0(44) Pw:7(7) AC:0 Xp:1/7 T:11646 Latest messages: The wand of magic missile glows and fades. The large cat bites the dog. The dog is killed! The large cat eats a dog corpse. What do you want to drop? [pM or ?*] M You drop an uncursed wand of magic missile. You swap places with your large cat. The cockatrice misses! The cockatrice touches you! The cockatrice bites! The cockatrice touches you! You see here 6 rocks. S - 6 rocks. What do you want to throw? [*] S In what direction? < A rock hits the rock cavern, then falls back on top of your head. A rock hits the ground. The large cat drops a rock. What do you want to throw? [*] S In what direction? < A rock hits the rock cavern, then falls back on top of your head. A rock hits the ground. What do you want to throw? [*] S In what direction? < A rock almost hits the rock cavern, then falls back on top of your head. A rock hits the ground. What do you want to throw? [*] S In what direction? < A rock hits the rock cavern, then falls back on top of your head. A rock hits the ground. The cockatrice bites! The cockatrice touches you! What do you want to throw? [*] S In what direction? < A rock hits the rock cavern, then falls back on top of your head. A rock hits the ground. The cockatrice bites! The cockatrice touches you! What do you want to throw? [*] S In what direction? < A rock almost hits the rock cavern, then falls back on top of your head. A rock hits the ground. You hear the howling of the CwnAnnwn... You already found a monster. Use 'm' prefix to force another search. The cockatrice bites! The cockatrice touches you! The cockatrice bites! You die... Do you want your possessions identified? [ynq] (y) y Do you want to see the dungeon overview? [ynq] (y) y Inventory: Comestibles p - an uncursed tripe ration Spontiff the Healer's attributes: Background: You were a Rhizotomist, a level 1 male gnomish Healer. You were neutral, on a mission for Hermes who was opposed by Athena (lawful) and Poseidon (chaotic). You were right-handed. You were in the Gnomish Mines, on level 10. You entered the dungeon 11646 turns ago. You had 7 experience points, 13 more were needed to attain level 2. Your score was 528 before end-of-game adjustments. Basics: You had 0 out of 44 hit points. You had all 7 energy points (spell power). Your armor class was 0. Your wallet was empty. Autopickup was on for '$!/="?' plus thrown, with exceptions. Final Characteristics: Your strength was 10 (limit:18/50). Your dexterity was 10 (limit:18). Your constitution was 18 (limit:18). Your intelligence was 7 (limit:19). Your wisdom was 17 (limit:18). Your charisma was 16 (limit:18). Final Status: You weren't hungry. You were unencumbered. You were bare handed. You were unskilled in bare handed combat. You weren't wearing any armor. Final Attributes: You were piously aligned. You were sleep resistant. You were poison resistant. You had infravision. You had a moderate defense bonus (+10). You were warded. You are dead. Miscellaneous: You never encountered a bones level. Total elapsed playing time was 3 hours, 34 minutes and 29 seconds. Major events: Turn 1: spontiff the neutral male gnomish Healer entered the dungeon 863: entered the Gnomish Mines 2777: reached Mine Town 9005: acquired the Mines' End luckstone 11646: killed by a cockatrice Vanquished creatures: a giant mimic 6 small mimics a dwarf ruler 4 watchmen a giant beetle a giant spider 2 dwarf mummies a dog a raven a Woodland-elf a bugbear an imp 2 water nymphs a mountain nymph 6 Mordor orcs 2 Uruk-hai a rock piercer 2 ponies a fog cloud a yellow light 3 shriekers a violet fungus 8 gnome leaders 3 gnomish wizards a kobold mummy 2 gray oozes 4 elf zombies 2 ghouls 6 giant ants 3 floating eyes 2 kittens 17 dwarves 4 homunculi a kobold leader 2 hill orcs 6 rothes 3 giant bats a monkey 8 iguanas 2 killer bees 6 acid blobs 2 coyotes a gas spore 9 hobbits 4 manes 6 large kobolds 3 hobgoblins 5 giant rats 8 cave spiders 2 yellow molds 2 green molds 4 red molds 26 gnomes 7 gnome zombies 8 geckos 23 jackals 3 foxes 5 kobolds 9 goblins 4 sewer rats 22 grid bugs a bat 12 lichens 2 kobold zombies 15 newts 305 creatures vanquished. No species were genocided or became extinct. Voluntary challenges: You never hit with a wielded weapon. You read items or engraved 2 times. You never engraved Elbereth. You never genocided any monsters. You never polymorphed an object. You never changed form. You used no wishes. Achievements: You entered the Gnomish Mines. You entered Minetown. You entered a shop. You entered a temple. You completed the Gnomish Mines. The Dungeons of Doom: levels 1 to 4 Level 1: "Stashlet" A fountain. Level 2: A scroll shop, a fountain. Stairs down to The Gnomish Mines. Level 3: Level 4: The Gnomish Mines: levels 3 to 11 Level 3: Level 4: Level 5: Level 6: Many shops, a temple and an altar to Hermes, some fountains. Level 7: Level 8: Level 9: "levelporter" Level 10: <- You were here. Final resting place for you, killed by a cockatrice. Level 11: Game over: ---------- / \ / REST \ / IN \ / PEACE \ / \ | spontiff | | 0 Au | | killed by a | | cockatrice | | | | | | 2024 | *| * * * | * _________)/\\_//(\/(/\)/\//\/|_)_______ Goodbye spontiff the Healer... You died in The Gnomish Mines on dungeon level 10 with 528 points, and 0 pieces of gold, after 11646 moves. You were level 1 with a maximum of 44 hit points when you died.